cohdb
Replays
Latest Replays
All Replays
Popular Replays
Top Player Replays
Match Explorer
How It Works
Community
CoH3 Stats
Reddit
Sign in to upload your games and track your stats! →
Sign in with Steam
Match 39595956
Unlisted
Match 39595956
Overview
Messages
Build Orders
End
Panzergrenadier Squad
Kradschützen Motorcycle Team
Selects Panzerjäger Kommand Battlegroup
Selects Blockade Equipment
Panzergrenadier Squad
Panzergrenadier Squad
Construct Light Support Kompanie
Selects Defensive Positions
Fire Support Elements
Assault Mechanized Group
2.5-tonne Medical Truck
Selects Tank Busters
Panzerjäger Squad
Flakvierling Half-track
Construct Panzerarmee Kommand
Vehicle Survival Package
MG34 Team
Panzer III L Medium Tank
Selects Crew Shock Tactics
Selects Butterfly Bomb Drop
Walking Stuka Rocket Launcher
Emergency Repair Kits
Panzer III L Medium Tank
Rapid Advance
Tungsten Core Ammunition
Armored Reserves
Selects Anti-tank Overwatch
Tiger Heavy Tank
Anti-tank Overwatch
Panzer III L Medium Tank
karl
AcidDrop
HKNT
joseballen
Kanade
Potato eats chip
DirtyDan
德意志军团长
0
0
Comments
sign in to comment!
No comments posted yet!